 Dungeon Crawl Stone Soup version 0.28.0-45-g0d030f2227 (webtiles) character file.

Game seed: 4557274343984974932

41 MalarOregon the Grasshopper (level 3, -2/29 HPs)
             Began as a Palentonga Warper on Apr 20, 2022.
             Slain by an adder (3 damage)
             ... on level 2 of the Dungeon.
             The game lasted 00:02:38 (1515 turns).

MalarOregon the Grasshopper (Palentonga Warper)     Turns: 1515, Time: 00:02:38

Health: -2/29      AC:  5    Str: 14    XL:     3   Next: 32%
Magic:  6/6        EV:  8    Int: 15    God:
Gold:   0          SH:  0    Dex:  9    Spells: 4/6 levels left

rFire   . . .      SeeInvis +   b - +0 dagger (venom)
rCold   . . .      Faith    .   (no shield)
rNeg    . . .      Spirit   .   h - +0 ring mail
rPois   +          Reflect  .   (no helmet)
rElec   .          Harm     .   (no cloak)
rCorr   .          Rampage  .   (no gloves)
Will    .....                   (no barding)
Stlth   ..........              (no amulet)
HPRegen 0.09/turn               e - ring of poison resistance
MPRegen 0.10/turn               (no ring)

@: lethally poisoned (-2 -> -6)
A: large, rugged brown scales 3, see invisible, deformed body, roll 1, armoured
tail
a: Rolling Charge


You were on level 2 of the Dungeon.
You visited 1 branch of the dungeon, and saw 2 of its levels.


Innate Abilities, Weirdness & Mutations

You are completely covered in rugged brown scales. (AC +3, +7% HP)
You have supernaturally acute eyesight. (SInv)
Armour fits poorly on your strangely shaped body.
You can roll at nearby foes to attack.
You have a long armoured tail.


   Skills:
 + Level 2.3 Fighting
 + Level 2.3 Maces & Flails
 - Level 0.6 Throwing
 + Level 1.1 Armour
 + Level 1.9 Dodging
 + Level 2.4 Spellcasting
 + Level 3.2 Translocations


You had 4 spell levels left.
You knew the following spells:

 Your Spells              Type           Power      Damage    Failure   Level
b - Blink                 Tloc           22%        N/A       17%         2

Your spell library contained the following spells:

 Spells                   Type           Power      Damage    Failure   Level
 Gell's Gravitas          Tloc           11%        N/A       34%         3
 Lesser Beckoning         Tloc           11%        N/A       34%         3
 Teleport Other           Tloc           11%        N/A       34%         3
 Manifold Assault         Tloc           11%        N/A       97%         5

Inventory:

Hand Weapons
 a - a +0 mace
 b - a +0 dagger of venom (weapon)
   (You took it off a goblin on level 1 of the Dungeon)
Missiles
 d - 3 boomerangs of dispersal (quivered) {!f}
Armour
 h - a +0 ring mail (worn)
   (You found it on level 1 of the Dungeon)
Jewellery
 e - a ring of poison resistance (left hand)
   (You found it on level 2 of the Dungeon)
Scrolls
 c - a scroll of blinking
 f - a scroll of torment {unknown}
 g - a scroll of teleportation {unknown}

Dungeon Overview and Level Annotations

Branches:
Dungeon (2/15)

Altars:

#...##...## #......
#.. ##...###.#####.
##.. #.......#
#....###......##
#.........#####
#.#......##
#.######.#
#........##########
########...@S†....#
#######....# ...$#
....# ....# ....+
....# #....


You could see an adder.


Message History

Found a garnet ring.
An endoplasm comes into view.
An endoplasm comes into view.
You hit the endoplasm.
The endoplasm is poisoned.
You kill the endoplasm!
You hit the endoplasm but do no damage. You tail-slap the endoplasm.
You kill the endoplasm!
No target in view!
e - a ring of poison resistance A ball python comes into view.
The ball python hisses angrily.
The ball python moves out of view.
e - a ring of poison resistance (left hand) No target in view!
No target in view!
A bat and a frilled lizard come into view.
The frilled lizard hisses angrily.
The bat moves out of view.
The bat misses you. The frilled lizard barely misses you.
There are monsters nearby!
You miss the frilled lizard. The bat hits you but does no damage.
The frilled lizard closely misses you.
You closely miss the frilled lizard. The bat closely misses you.
The bat hits you but does no damage. The frilled lizard bites you.
You hit the ball python but do no damage.
The bat closely misses you. The frilled lizard bites you.
The ball python barely misses you.
You hit the ball python but do no damage.
The ball python is poisoned.
The bat hits you but does no damage. The ball python bites you.
The frilled lizard barely misses you.
You hit the ball python.
You kill the ball python!
The bat hits you but does no damage. The frilled lizard bites you.
You hit the frilled lizard.
You kill the frilled lizard!
The bat barely misses you. The bat hits you but does no damage. x2
You see here a frilled lizard corpse.
You hit the bat.
The bat is poisoned.
The bat barely misses you.
You closely miss the bat.
You kill the bat!
No target in view!
Key pressed, stopping explore.
Found 21 sling bullets.
A hobgoblin and a rat come into view.
Found a stone staircase leading down.
The hobgoblin shouts!
There are monsters nearby!
The rat bites you but does no damage.
You hit the rat.
You kill the rat!
The hobgoblin hits you.
You hit the hobgoblin.
The hobgoblin is poisoned.
You kill the hobgoblin!
No target in view!
No target in view!
Found 15 gold pieces.
An adder and a bat come into view.
The adder hisses angrily.
The adder bites you but does no damage.
You hit the bat but do no damage.
The bat is poisoned.
You kill the bat!
You miss the adder.
Your tail-slap misses the adder.
The adder bites you.
You closely miss the adder.
Your tail-slap misses the adder.
The adder bites you. The adder completely misses you.
You barely miss the adder. The adder bites you.
You are poisoned.
The adder poisons you!
You hit the adder.
The adder is poisoned.
You feel sick. The adder barely misses you.
You barely miss the adder.
You feel sick. The adder bites you but does no damage.
The adder completely misses you.
You hit the adder.
You feel sick. The adder bites you.
You barely miss the adder.
Your tail-slap misses the adder.
You feel sick. The adder barely misses you.
You barely miss the adder.
Your tail-slap misses the adder.
You feel sick. The adder bites you.
* * * LOW HITPOINT WARNING * * *
You barely miss the adder.
You feel sick.
You are no longer poisoned.
The adder bites you.
* * * LOW HITPOINT WARNING * * *
The adder bites you.
* * * LOW HITPOINT WARNING * * *
You miss the adder. The adder bites you.
* * * LOW HITPOINT WARNING * * *
You barely miss the adder.
Your tail-slap misses the adder.
The adder looks more healthy.
The adder bites you but does no damage. The adder bites you.
* * * LOW HITPOINT WARNING * * *
You completely miss the adder. The adder barely misses you.
You closely miss the adder. The adder bites you.
* * * LOW HITPOINT WARNING * * *
You are lethally poisoned!
The adder poisons you!
You aren't carrying any potions.
You closely miss the adder.
* * * LOW HITPOINT WARNING * * *
You feel sick. The adder bites you.
You die...

Skill      XL: |  1 |
---------------+----+-----
Armour         | 1 |  1.1
Fighting       | |  2.3
Maces & Flails | |  2.3
Throwing       | |  0.6
Dodging        | |  1.9
Spellcasting   | |  2.4
Translocations | |  3.2

Action                   || total
-------------------------++-------
Melee: Mace              ||    46
       Tailslap          ||     8
       Dagger            ||    53
Throw: Boomerang         ||     2
Armor: Leather armour    ||    27
       Ring mail         ||    12
Dodge: Dodged            ||    42

Levels and vault maps discovered:
D:1:      lightli_arrival_flooded_house, layout_loops_corners,
          chequers_ecumenical_altar_grove, minmay_hedge_maze
D:2:      layout_basic, hangedman_decor_growths, uniq_robin, uniq_jessica

Notes
Turn   | Place    | Note
-------+----------+-------------------------------------------
     0 | D:1      | MalarOregon the Palentonga Warper began the quest for the
                  | Orb.
     0 | D:1      | Reached XP level 1. HP: 17/17 MP: 3/3
   178 | D:1      | Reached skill level 1 in Armour
   411 | D:1      | Reached XP level 2. HP: 23/23 MP: 5/5
   779 | D:1      | Found a faded altar of an unknown god.
  1027 | D:1      | Reached XP level 3. HP: 27/28 MP: 6/6
  1261 | D:2      | Learned a level 2 spell: Blink
  1509 | D:2      | HP: 6/29 [adder (4)]
  1514 | D:2      | HP: 2/29 [adder (1)]
  1515 | D:2      | Slain by an adder

Vanquished Creatures
  A dart slug (D:1)
  4 ball pythons
  4 bats
  4 endoplasms
  3 giant cockroaches
  8 goblins (D:1)
  2 hobgoblins
  6 frilled lizards
  A kobold (D:1)
  5 rats
38 creatures vanquished.

Table legend:
 A = Non-vault XP
 B = Vault XP
 C = Vault XP percentage of total XP
 D = Non-vault monster count
 E = Vault monster count
 F = Vault count percentage of total count
                 A         B        C        D         E       F
            +---------+---------+-------+---------+---------+-------
      Total |      59 |       0 |   0.0 |      38 |       0 |   0.0
            +---------+---------+-------+---------+---------+-------
        D:1 |      43 |       0 |   0.0 |      27 |       0 |   0.0
        D:2 |      16 |       0 |   0.0 |      11 |       0 |   0.0
            +---------+---------+-------+---------+---------+-------

Illustrated notes

Table legend:
 A = Kills in this place as a percentage of kills in entire the game.
 B = Kills by you in this place as a percentage of kills by you in the entire game.
 C = Kills by friends in this place as a percentage of kills by friends in the entire game.
 D = Other kills in this place as a percentage of other kills in the entire game.
 E = Experience gained in this place as a percentage of experience gained in the entire game.
 F = Experience gained in this place divided by the number of levels of this place that you have seen.
                   A       B       C       D       E      F
               +-------+-------+-------+-------+-------+----------------------
         Total | 100.0 | 100.0 |   N/A |   N/A | 100.0 |  29.5
       Dungeon | 100.0 | 100.0 |   N/A |   N/A | 100.0 |  29.5
               +-------+-------+-------+-------+-------+----------------------

Table legend: (Time is in decaauts)
 A = Elapsed time spent in this place.
 B = Non-inter-level travel time spent in this place.
 C = Inter-level travel time spent in this place.
 D = Time resting spent in this place.
 E = Time spent auto-exploring this place.
 F = Levels seen in this place.
 G = Mean time per level.
                   A        B        C        D        E       F      G
               +--------+--------+--------+--------+--------+-----+--------+
         Total |   1528 |   1509 |     19 |    100 |   1189 |   2 |  764.0 |
       Dungeon |   1528 |   1509 |     19 |    100 |   1189 |   2 |  764.0 |
               +--------+--------+--------+--------+--------+-----+--------+

Top non-repeatable levels by time:
     D:1: 1178 daAuts
     D:2: 349 daAuts
